 Dungeon Crawl Stone Soup version 0.31-a0-818-ge7c7cf74f0 (webtiles) character file.

Game seed: 10778973880920178758

50 Skeletony the Grave Robber (level 3, -10/19 HPs)
             Began as a Vampire Necromancer on Sept 23, 2023.
             Mangled by Sigmund
             ... wielding a +0 scythe
              (11 damage)
             ... on level 2 of the Dungeon.
             The game lasted 00:12:19 (1373 turns).

Skeletony the Grave Robber (Vampire Necromancer)    Turns: 1373, Time: 00:12:19

Health: -10/19     AC:  2    Str:  7    XL:     3   Next: 55%
Magic:  1/6        EV: 12    Int: 19    God:
Gold:   58         SH:  0    Dex: 14    Spells: 6/7 levels left

rFire   + . .        e - +0 sling
rCold   + + .        (no shield)
rNeg    + + +        a - +0 robe
rPois   ∞            (no helmet)
rElec   .            (no cloak)
rCorr   .            (no gloves)
SInv    +            (no boots)
Will    .....        (no amulet)
Stlth   ++++         c - ring of protection from fire
HPRegen 0.00/turn    (no ring)
MPRegen 0.10/turn

%: no passive effects
@: bloodless, inhibited regen
A: bloodless, fangs 3, see invisible, vampiric 2
a: Bat Form, Revivify


You were on level 2 of the Dungeon.
You visited 1 branch of the dungeon, and saw 2 of its levels.

You collected 58 gold pieces.

Inventory:

Hand Weapons
 e - a +0 sling (weapon)
Armour
 a - a +0 robe (worn)
Jewellery
 c - a ring of protection from fire (left hand)
 d - an amulet of guardian spirit
Scrolls
 g - a scroll of poison (quivered)
 h - a scroll of silence {unknown}
 k - a scroll of amnesia {unknown}
 m - a scroll of revelation {unknown}
 n - a scroll of identify {unknown}
Potions
 b - 2 potions of magic
 f - a potion of lignification {unknown}
 i - a potion of ambrosia {unknown}
 j - a potion of invisibility {unknown}
 l - a potion of degeneration {unknown}
 o - a potion of curing {unknown}


   Skills:
 - Level 0.1 Fighting
 + Level 0.1 Ranged Weapons
 + Level 2.2 Dodging
 + Level 3.2 Stealth
 * Level 2.6 Spellcasting
 * Level 5.2 Necromancy


You had 6 spell levels left.
You knew the following spells:

 Your Spells              Type           Power      Damage    Failure   Level
a - Necrotise             Necr           88%        1d8       1%          1

Your spell library contained the following spells:

 Spells                   Type           Power      Damage    Failure   Level
 Vampiric Draining        Necr           22%        2d7       5%          3
 Animate Dead             Necr           22%        N/A       19%         4
 Blink                    Tloc           4%         N/A       24%         2
 Lesser Beckoning         Tloc           4%         N/A       24%         2
 Momentum Strike          Conj/Tloc      4%         3d8       24%         2
 Agony                    Necr           22%        N/A       45%         5


Dungeon Overview and Level Annotations

Branches:
Dungeon (2/15)

Altars:

Shops:
D:1 (=

Annotations:
D:2 Sigmund


Innate Abilities, Weirdness & Mutations

You do not regenerate when monsters are visible.
You are frail without blood (-20% HP).
You can heal yourself when you bite living creatures.
You are immune to poison.
You have razor-sharp teeth.
You have supernaturally acute eyesight. (SInv)
You are afflicted with vampirism and can become a bat while bloodless.


Message History

Aim: Sigmund, wielding a +0 scythe and wearing a +0 robe (slightly transparent, 50% to hit)
You shoot a sling bullet. The sling bullet hits Sigmund.
Sigmund is lightly wounded.
Sigmund hits your goblin skeleton with a +0 scythe!
Your goblin skeleton is destroyed!
Casting: Necrotise (safe; 1% risk of failure)
Confirm with . or Enter, or press ? or * to list all spells.
Aiming: Necrotise (safe; 1% risk of failure)
Press: ? - help, Shift-Dir - straight line, f/p - Sigmund
Aim: Sigmund, wielding a +0 scythe and wearing a +0 robe (lightly wounded, slightly transparent, chance to affect: 86%) Sigmund writhes in agony.
Sigmund casts a spell at you.
You are confused.
You bump into the rock wall.
You're too confused to move!
Okay, then.
Found an escape hatch in the ceiling.
Sigmund attacks as he pursues you!
Sigmund hits you from afar with a +0 scythe.
You bump into the rock wall.
Sigmund points at you and mumbles some strange words.
You resist with some effort.
You feel less confused. Sigmund gestures at you while chanting.
You are confused.
Sigmund misses you.
Sigmund hits you from afar with a +0 scythe!
Ouch! That really hurt!
* * * LOW HITPOINT WARNING * * *
Sigmund is nearby!
You bump into the rock wall.
You bump into the rock wall.
You feel less confused. Sigmund misses you.
Sigmund is nearby!
The air fills with toxic fumes!
As you read the scroll labelled YRYKHO QOGUKHLI, it crumbles to dust.
It was a scroll of poison.
Sigmund hits you with a +0 scythe!
Ouch! That really hurt!
You die...
Sigmund begins carving another notch in his scythe.

#w..........##.........
........###>......#####
#....#.##.##...###
##)#[...#.####....
#........# #####
##.#####..###.... #.#
##......... #§#####@#
##...###....
#§§§§@#.###...## #....
#####§@§§##.#.# #....
#§§§§§§§§#.####....
...§§###§§§§§.........
#.#### #§§§#§.######..
#####.## #.# ##..# #..
#...# ### #<..#


You could see Sigmund (invisible).

Vanquished Creatures
  Robin (D:2)
  A worm (D:2)
  A dart slug (D:2)
  A ball python (D:2)
  3 endoplasms (D:1)
  3 giant cockroaches
  10 goblins
  A hobgoblin (D:2)
  2 kobolds (D:1)
  A bat (D:2)
  2 frilled lizards (D:1)
  5 rats
31 creatures vanquished.

Vanquished Creatures (collateral kills)
  A hobgoblin (D:2)
1 creature vanquished.

Grand Total: 32 creatures vanquished

Notes
Turn   | Place    | Note
-------+----------+-------------------------------------------
     0 | D:1      | Skeletony the Vampire Necromancer began the quest for the
                  | Orb.
     0 | D:1      | Reached XP level 1. HP: 13/13 MP: 3/3
    55 | D:1      | Found Suwainuo's Antique Weapon Emporium.
   172 | D:1      | Found Voneazo's Jewellery Shoppe.
   328 | D:1      | Reached XP level 2. HP: 19/19 MP: 3/5
   889 | D:2      | Noticed Robin
   948 | D:2      | Reached skill level 5 in Necromancy
  1078 | D:2      | Killed Robin
  1079 | D:2      | Gained mutation: You are afflicted with vampirism and can
                  | become a bat while bloodless. [Vampire growth]
  1079 | D:2      | Reached XP level 3. HP: 24/24 MP: 0/6
  1342 | D:2      | Noticed Sigmund
  1373 | D:2      | Mangled by Sigmund

Illustrated notes

Levels and vault maps discovered:
D:1:      dpeg_arrival_leaves_temple_mockup, layout_rooms, serial_shops,
          nicolae_shop_window_shopping, shop, kennysheep_boxes
D:2:      layout_rooms, minmay_misc_feat_iff, minmay_distorted, uniq_robin,
          uniq_sigmund

Skill      XL: |  1  2 |
---------------+-------+-----
Necromancy     | 5 |  5.2
Fighting       | |  0.1
Ranged Weapons | |  0.1
Dodging        | |  2.2
Stealth        | |  3.2
Spellcasting   | |  2.6

Action                     || total
---------------------------++-------
   Fire: Sling             ||    15
   Cast: Necrotise         ||    49
Ability: Exsanguinate      ||     1
    Use: Scroll            ||     2
 Armour: Robe              ||    21
  Dodge: Dodged            ||    17

Table legend: (Time is in decaauts)
 A = Elapsed time spent in this place.
 B = Non-inter-level travel time spent in this place.
 C = Inter-level travel time spent in this place.
 D = Time resting spent in this place.
 E = Time spent auto-exploring this place.
 F = Levels seen in this place.
 G = Mean time per level.
                   A        B        C        D        E       F      G
               +--------+--------+--------+--------+--------+-----+--------+
         Total |   1378 |   1343 |     35 |    217 |    505 |   2 |  689.0 |
       Dungeon |   1378 |   1343 |     35 |    217 |    505 |   2 |  689.0 |
               +--------+--------+--------+--------+--------+-----+--------+

Top non-repeatable levels by time:
     D:1: 915 daAuts
     D:2: 462 daAuts
